 Dungeon Crawl Stone Soup version 0.20.1-1-g8b1a95d (webtiles) character file.

23112 equalderp2856 the Cleaver (level 12, 0/106 HPs)
             Began as a Minotaur Fighter on Aug 19, 2017.
             Slain by a seven-headed hydra (7 damage)
             ... on level 1 of the Lair of Beasts.
             The game lasted 00:37:02 (15929 turns).

equalderp2856 the Cleaver (Minotaur Fighter)       Turns: 15929, Time: 00:37:02

Health: 0/106      AC: 18    Str: 22    XL:     12   Next: 69%
Magic:  0/15       EV:  6    Int:  6    God:
Gold:   569        SH: 21    Dex: 13    Spells: 12/16 levels left

rFire    x . .     SeeInvis +   M - +0 trident
rCold    + . .     Gourm    .   y - +2 large shield
rNeg     . . .     Faith    .   I - +0 plate armour
rPois    .         Spirit   +   U - +2 hat {SInv}
rElec    .         Reflect  .   (no cloak)
rCorr    .         Harm     .   (no gloves)
MR       .....                  a - +0 pair of boots
Stlth    ..........             C - amulet of guardian spirit
Regen    0.3/turn               Z - ring of flight
MPRegen  0.2/turn               q - ring of ice

@: no status effects
A: retaliatory headbutt, horns 2
a: Evoke Flight


You were on level 1 of the Lair of Beasts.
You were near starving.

You visited 2 branches of the dungeon, and saw 13 of its levels.
You also visited: Ossuary and Ice Cave.

You collected 744 gold pieces.
You spent 175 gold pieces at shops.

Inventory:

Hand Weapons
 l - a +2 battleaxe of freezing
 B - a +2 broad axe of venom
 M - a +0 trident (weapon)
Armour
 a - a +0 pair of boots (worn)
 c - a +0 shield
 y - a +2 large shield (worn)
 I - a +0 plate armour (worn)
 U - a +2 hat of see invisible (worn)
Jewellery
 q - a ring of ice (right hand)
 C - an amulet of guardian spirit (around neck)
 K - an uncursed ring of see invisible
 N - a +5 amulet of reflection
 Z - a ring of flight (left hand)
Wands
 b - a wand of confusion (15/48)
 E - a wand of paralysis (10/24)
 H - a wand of iceblast (12/15)
 O - a wand of random effects (31/48)
 S - a wand of random effects (33/48)
 W - a wand of flame (0/48)
Scrolls
 e - 2 scrolls of fog
 j - 9 scrolls of remove curse
 n - 6 scrolls of identify
 s - 2 scrolls of enchant weapon
 t - a scroll of fear
 u - 4 scrolls of teleportation
 F - 4 scrolls of enchant armour
 X - a scroll of blinking
Potions
 d - 6 potions of might
 h - 3 potions of magic {unknown}
 i - 2 potions of berserk rage {unknown}
 k - 4 potions of heal wounds
 m - 2 potions of resistance {unknown}
 p - 2 potions of agility {unknown}
 r - a potion of degeneration {unknown}
 w - 2 potions of lignification {unknown}
 x - 2 potions of flight {unknown}
 G - 3 potions of haste
 R - 4 potions of curing
Comestibles
 f - 8 bread rations
 g - 3 fruits
 o - 5 meat rations
 V - 2 royal jellies


   Skills:
 + Level 9.6 Fighting
 + Level 14.6 Axes
 + Level 0.5(9.8) Polearms
 + Level 10.7 Armour
 + Level 3.1 Dodging
 + Level 2.2 Stealth
 + Level 14.0 Shields
 * Level 2.8 Spellcasting
 + Level 0.5 Evocations


You had 12 spell levels left.
You knew the following spells:

 Your Spells              Type           Power        Failure   Level  Hunger
a - Confusing Touch       Hex            #.....       100%        1    ##.....
b - Sandblast             Erth           #.....       100%        1    ##.....
c - Passwall              Tmut/Erth      #.........   100%        2    ###....


Dungeon Overview and Level Annotations

Branches:
Dungeon (10/15)            Temple (0/1) D:6            Lair (3/6) D:10
  Snake (0/4) Lair:3
  Swamp: Lair:2-4    Shoals: Lair:2-4       Orc: D:9-12

Altars:
Trog

Shops:
D:5 (

Annotations:
D:2 Sigmund
D:4 2 transporters, Edmund; Eustachio; hilaritas's ghost, novice FoFi
Lair:3 Rupert


Innate Abilities, Weirdness & Mutations

You reflexively headbutt those who attack you in melee.
You have a pair of horns on your head.


Message History

* * * LOW HITPOINT WARNING * * *
The seven-headed hydra bites you!
* * * LOW HITPOINT WARNING * * *
The seven-headed hydra bites you!
* * * LOW HITPOINT WARNING * * *
You feel much better.
You are near starving!
You block the seven-headed hydra's attack. x2
The seven-headed hydra bites you but does no damage.
The seven-headed hydra bites you.
* * * LOW HITPOINT WARNING * * *
The seven-headed hydra bites you but does no damage. x2
You block the seven-headed hydra's attack.
You puncture the seven-headed hydra!
The seven-headed hydra is almost dead.
You block the seven-headed hydra's attack.
The seven-headed hydra bites you!
* * * LOW HITPOINT WARNING * * *
The seven-headed hydra bites you!
You die...

########'### #......## #.#. ##.##
##.##+.# ##.. ##...# ###...#
##..# #..### ##....## #..##
#.##### ##..#### #...# ##'###.##
##......# ####.+## #.......#
#P......# #.##.... ### #.......#
##......# ##...... #.###.......#
##@.....[###..#....
....'.......###.D......##..##....
#####.......##..#......#..###....
# #.......'...#........#.##.... #
#........###.......########+P #
#.###'#### ####..### #.. # ###
#.# ###..# ### ## #.# ##D.(#### #
.## ##.# #.+###P.## #


You could see a seven-headed hydra.

Vanquished Creatures
  A frost giant (IceCv)
  A hydra (Lair:1)
  A two-headed ogre (D:9)
  Nergalle (D:10)
  An unseen horror (D:10)
  2 black mambas
  An ice statue (IceCv)
  Joseph (D:9)
  An elephant (Lair:2)
  7 spiny frogs
  A rime drake (Lair:2)
  A troll (D:10)
  16 polar bears
  3 hippogriffs
  4 blink frogs (Lair:3)
  A human (D:7)
  Grum (D:9)
  15 yaks
  4 hogs (D:7)
  2 wyverns
  A steam dragon (D:10)
  A basilisk (Lair:2)
  2 hungry ghosts (D:8)
  2 swamp worms (Lair:3)
  A naga (Lair:3)
  2 hell hounds (D:10)
  4 water moccasins
  3 porcupines
  A phantom (D:9)
  2 sky beasts
  2 orc warriors
  2 black bears
  3 ogres
  4 ice beasts
  A centaur (D:7)
  16 wolves
  2 crocodiles (Lair:2)
  3 big kobolds (D:6)
  6 bullfrogs
  A wyvern skeleton (D:6)
  6 scorpions
  8 killer bees
  3 electric eels
  4 crimson imps
  4 centaur zombies
  6 hounds
  An orc priest (D:9)
  A human zombie (Ossuary)
  2 bullfrog skeletons
  2 jellies
  A gnoll shaman (D:5)
  Natasha (D:4)
  An iguana (D:3)
  7 orc wizards
  5 worker ants
  2 big kobold zombies (Ossuary)
  3 mummies
  A howler monkey zombie (D:10)
  14 gnolls
  A howler monkey skeleton (D:6)
  11 adders
  3 shadow imps
  2 white imps (D:9)
  An ufetubus (D:9)
  An adder zombie (Ossuary)
  An adder skeleton (D:5)
  2 worms (D:3)
  A dart slug (D:1)
  An adder simulacrum (D:9)
  3 leopard geckos
  26 orcs
  6 giant cockroaches
  21 hobgoblins
  6 jackals
  3 quokkas
  4 ball pythons (D:1)
  6 bats
  5 frilled lizards
  A giant cockroach zombie (D:5)
  25 goblins
  4 goblin zombies
  14 hobgoblin zombies (Ossuary)
  10 kobolds
  9 kobold zombies (Ossuary)
  5 orc zombies (Ossuary)
  4 rats
  A rat zombie (Ossuary)
  4 fungi
  A plant (Lair:2)
378 creatures vanquished.

Vanquished Creatures (others)
  A wizard (D:8)
  An orc (D:9)
  5 fungi
7 creatures vanquished.

Grand Total: 385 creatures vanquished

Notes
Turn   | Place    | Note
-------+----------+-------------------------------------------
     0 | D:1      | equalderp2856 the Minotaur Fighter began the quest for the Orb.
     0 | D:1      | Reached XP level 1. HP: 19/19 MP: 0/0
   142 | D:1      | Reached XP level 2. HP: 27/27 MP: 1/1
   737 | D:2      | Reached XP level 3. HP: 32/33 MP: 2/2
   781 | D:2      | Noticed Sigmund
  1016 | D:3      | Reached XP level 4. HP: 40/40 MP: 3/3
  1177 | D:3      | Reached skill level 1 in Dodging
  1454 | D:3      | Reached XP level 5. HP: 26/46 MP: 4/4
  1995 | D:4      | Noticed Natasha
  2005 | D:4      | Killed Natasha
  2005 | D:4      | Reached skill level 5 in Armour
  2007 | D:4      | Found a transporter.
  2029 | D:4      | Reached skill level 5 in Axes
  2029 | D:4      | Reached XP level 6. HP: 35/53 MP: 5/5
  2040 | D:4      | Found a transporter.
  2179 | D:4      | Noticed Edmund
  2206 | D:4      | Noticed Eustachio
  2509 | D:4      | Noticed hilaritas's ghost (novice FoFi)
  2940 | D:5      | Entered Level 5 of the Dungeon
  2994 | D:5      | Found Siegupu's Antique Weapon Emporium.
  3008 | D:5      | Bought a runed broad axe for 175 gold pieces
  3055 | D:5      | Reached skill level 5 in Shields
  3181 | D:5      | Noticed a sky beast
  3222 | D:5      | Killed a sky beast
  3222 | D:5      | Reached XP level 7. HP: 23/60 MP: 6/6
  3391 | D:5      | Reached skill level 5 in Fighting
  4274 | D:6      | Reached XP level 8. HP: 52/68 MP: 7/7
  5021 | D:6      | Found a staircase to the Ecumenical Temple.
  5678 | D:7      | Found a sand-covered staircase.
  5698 | Ossuary  | Entered an ossuary
  5829 | Ossuary  | Reached XP level 9. HP: 67/74 MP: 8/8
  6696 | D:7      | Reached skill level 10 in Axes
  6706 | D:7      | Reached skill level 10 in Shields
  7122 | D:8      | Reached XP level 10. HP: 61/84 MP: 9/9
  7369 | D:8      | Found a bloodstained altar of Trog.
  7370 | D:8      | Noticed a wizard
  7376 | D:8      | Killed a wizard
  7745 | D:9      | Noticed Joseph
  7769 | D:9      | Killed Joseph
  7769 | D:9      | Reached skill level 1 in Stealth
  8092 | D:9      | Noticed Grum
  8118 | D:9      | Killed Grum
  8164 | D:9      | Noticed a two-headed ogre
  8181 | D:9      | Killed a two-headed ogre
  8772 | D:10     | Entered Level 10 of the Dungeon
  9077 | D:10     | Found a staircase to the Lair.
  9113 | D:10     | Noticed Nergalle
  9140 | D:10     | Killed Nergalle
  9543 | D:10     | Reached XP level 11. HP: 94/94 MP: 10/10
  9594 | D:10     | Noticed an unseen horror
  9604 | D:10     | Killed an unseen horror
 10163 | Lair:1   | Entered Level 1 of the Lair of Beasts
 10238 | Lair:1   | Noticed a four-headed hydra
 10246 | Lair:1   | Killed a four-headed hydra
 12239 | Lair:2   | Reached skill level 10 in Armour
 12262 | Lair:2   | Learned a level 1 spell: Confusing Touch
 12264 | Lair:2   | Learned a level 1 spell: Sandblast
 12267 | Lair:2   | Learned a level 2 spell: Passwall
 13512 | Lair:3   | Reached XP level 12. HP: 77/104 MP: 7/11
 13734 | Lair:3   | Found a staircase to the Snake Pit.
 13747 | Lair:3   | Found a frozen archway.
 13784 | IceCv    | Entered an ice cave
 13827 | IceCv    | Reached skill level 1 in Spellcasting
 14861 | IceCv    | Noticed a frost giant
 14892 | IceCv    | Killed a frost giant
 15328 | Lair:3   | Noticed Rupert
 15338 | Lair:3   | Paralysed by Rupert for 5 turns
 15564 | Lair:3   | Noticed a seven-headed hydra
 15927 | Lair:1   | HP: 5/106 [seven-headed hydra (7)]
 15929 | Lair:1   | Slain by a seven-headed hydra

Skill      XL: |  1  2  3  4  5  6  7  8  9 10 11 12 |
---------------+-------------------------------------+-----
Armour         | 4 5 6 7 9 10 | 10.7
Axes           | 3 4 5 6 8 10 12 13 14 | 14.6
Shields        | 4 5 6 8 10 11 12 14 | 14.0
Fighting       | 4 5 6 7 9 |  9.6
Dodging        | 1 2 3 |  3.1
Stealth        | 2 |  2.2
Spellcasting   | 2 |  2.8
Polearms       | |  0.5
Evocations     | |  0.5

Action                   |  1- 3 |  4- 6 |  7- 9 | 10-12 || total
-------------------------+-------+-------+-------+-------++-------
Melee: War axe           |    80 |   121 |       |       ||   201
       Headbutt          |     7 |    24 |    88 |   137 ||   256
       Broad axe         |       |    22 |   416 |   528 ||   966
       Trident           |       |       |       |    20 ||    20
Evoke: Wand              |       |       |       |     5 ||     5
  Use: Scroll            |       |       |     2 |    18 ||    20
       Potion            |       |       |       |     5 ||     5
 Stab: Paralysed         |       |       |       |     6 ||     6
  Eat: Chunk             |       |     6 |    13 |    23 ||    42
       Fruit             |       |       |     2 |     2 ||     4
       Royal jelly       |       |       |       |     2 ||     2
Armor: Scale mail        |    44 |    53 |    16 |       ||   113
       Plate armour      |       |       |   142 |   244 ||   386
Dodge: Dodged            |    29 |    33 |    49 |   110 ||   221
Block: Shield            |    52 |    30 |       |       ||    82
       Large shield      |       |    96 |   497 |   788 ||  1381
